Map: Blackburn LE

Players

Vanya

  • Race: Zerg Zerg

SKillous - Winner!

  • Race: Protoss Protoss

Event: DreamHack SC2 Masters 2021 Fall

VOD

Have the link to the VOD?

Description

Time

  • Played on: Aug. 12, 2021, 11:55 a.m.
  • Length: 14:41

All games in this series

Show
View Real Time Build Order
Export as new Build Order

Vanya Zerg 

Build Orders: Hatch First 

Get SALT Encoding   

  12  0:00  Drone  
  13  0:12  Overlord  
  13  0:17  Drone  
  14  0:30  Drone x2  
  16  0:48  Hatchery  
  15  0:51  Drone  
  15  0:54  Drone  
  17  0:58  Drone  
  18  1:08  Extractor  
  17  1:13  Spawning Pool  
  17  1:16  Drone  
  17  1:20  Drone  
  18  1:27  Drone  
  19  1:38  Drone  
  20  1:49  Overlord  
  20  2:00  Queen x2  
  20  2:01  Zergling x4  
  26  2:10  Drone  
  26  2:11  Metabolic Boost, Drone  
  28  2:21  Drone x2  
  30  2:34  Hatchery  
  30  2:36  Drone  
  30  2:39  Drone  
  31  2:45  Queen  
  31  2:50  Overlord  
  33  2:54  Drone  
  33  2:55  Drone  
  36  2:58  Drone  
  36  3:04  Overlord  
  36  3:10  Drone x2  
  36  3:12  Overlord  
  38  3:13  Drone  
  38  3:18  Drone  
  38  3:19  Spore Crawler  
  39  3:21  Drone  
  39  3:26  Queen  
  42  3:33  Drone  
  42  3:34  Drone  
  44  3:40  Drone  
  44  3:41  Drone x4  
  49  3:44  Queen  
  51  3:50  Drone x3  
  51  3:54  Spore Crawler  
  53  3:57  Zergling x6  
  53  4:01  Overlord  
  56  4:05  Drone x2  
  56  4:07  Overlord  
  58  4:14  Overlord  
  58  4:16  Overlord  
  58  4:21  Lair  
  58  4:24  Overlord  
  58  4:28  Drone x5  
  63  4:36  Roach Warren  
  63  4:37  Drone  
  63  4:38  Extractor, Drone x3  
  66  4:43  Drone x2  
  67  4:48  Drone x2  
  69  4:53  Extractor  
  69  4:55  Drone x4  
  69  4:59  Overlord  
  72  5:00  Drone  
  72  5:04  Drone  
  72  5:05  Extractor x2  
  72  5:08  Overlord  
  72  5:10  Drone x3  
  72  5:11  Extractor  
  74  5:22  Drone x5, Hatchery  
  74  5:25  Glial Reconstitution  
  74  5:27  Drone  
  74  5:28  Drone  
  80  5:29  Spire  
  80  5:32  Drone x3  
  82  5:42  Overlord  
  81  5:47  Spore Crawler  
  81  5:48  Queen x3  
  81  5:49  Overlord  
  85  5:52  Drone x2  
  82  5:57  Drone x2  
  82  6:02  Drone x5  
  89  6:08  Overlord  
  89  6:11  Drone  
  89  6:12  Drone x5  
  95  6:21  Drone  
  95  6:22  Drone x3  
  99  6:29  Extractor  
  99  6:30  Extractor  
  97  6:40  Mutalisk x2  
  97  6:41  Mutalisk x5  
  97  6:45  Roach x5  
  120  6:51  Overlord  
  120  6:53  Roach  
  122  6:58  Roach  
  122  6:59  Roach x5  
  134  7:04  Spore Crawler, Overlord  
  134  7:08  Ravager x3, Overlord x2  
  135  7:13  Overlord  
  135  7:15  Overlord  
  135  7:20  Zergling x10  
  140  7:24  Roach x2  
  141  7:32  Roach x5  
  141  7:36  Zergling x4  
  150  7:39  Zergling x4  
  150  7:47  Zergling x10  
  152  7:53  Zergling x6  
  150  7:59  Zergling x6  
  150  8:00  Zergling x2  
  150  8:05  Roach  
  150  8:06  Roach x3  
  150  8:09  Roach x4  
  148  8:15  Roach x3  
  145  8:23  Roach x2  
  136  8:27  Zerg Flyer Weapons Level 1  
  136  8:28  Mutalisk x2  
  138  8:34  Mutalisk x5  
  148  8:47  Mutalisk x4  
  156  8:48  Hatchery  
  156  8:51  Drone  
  156  8:52  Drone  
  156  8:53  Drone  
  158  8:58  Overlord  
  158  8:59  Mutalisk x3  
  164  9:08  Mutalisk x4  
  172  9:14  Zergling x12  
  177  9:21  Mutalisk  
  177  9:22  Mutalisk x3  
  184  9:26  Zergling x4  
  184  9:27  Zergling x4  
  184  9:30  Overlord  
  188  9:34  Mutalisk  
  188  9:38  Overlord  
  190  9:42  Overlord  
  190  9:43  Zergling x2  
  191  9:49  Overlord  
  191  9:50  Mutalisk x4  
  199  9:58  Mutalisk x2  
  196  10:01  Zergling x2  
  196  10:02  Zergling x12  
  193  10:09  Mutalisk x2  
  197  10:15  Mutalisk  
  193  10:21  Mutalisk  
  193  10:23  Hatchery  
  193  10:25  Drone  
  193  10:26  Drone x5  
  199  10:30  Extractor  
  199  10:31  Extractor  
  197  10:36  Zerg Flyer Weapons Level 2  
  185  10:45  Mutalisk x3  
  185  10:47  Zergling x4  
  185  10:48  Zergling x20  
  187  11:02  Mutalisk x4  
  187  11:06  Drone x2  
  187  11:11  Mutalisk x2  
  189  11:18  Mutalisk x2  
  195  11:24  Extractor x2  
  189  11:34  Zergling x18  
  189  11:35  Zergling x8  
  189  11:37  Spore Crawler  
  189  11:38  Spine Crawler  
  191  11:41  Overseer  
  191  11:42  Zergling x2  
  191  11:43  Zergling x16  
  183  11:50  Drone x9  
  189  11:58  Mutalisk x4  
  181  12:01  Drone x3  
  155  12:14  Mutalisk x5  
  139  12:21  Mutalisk  
  139  12:22  Mutalisk x2  
  141  12:27  Mutalisk x3  
  143  12:31  Zergling x2  
  143  12:32  Zergling x4  
  143  12:36  Drone x3  
  144  12:46  Mutalisk x2  
  144  12:51  Roach x5  
  139  12:56  Drone x5  
  139  12:57  Spawning Pool  
  101  13:16  Roach x9  
  97  13:23  Drone  
  96  13:28  Roach x3  
  96  13:32  Roach  
  98  13:44  Zergling x18  
  90  13:49  Ravager  
  90  13:56  Roach x2  
  93  14:03  Zergling x4  
  83  14:11  Zergling x4  
Show
View Real Time Build Order
Export as new Build Order

SKillous Protoss - Winner!

Build Orders: 1 Gate Expand, Oracle Opening 

Get SALT Encoding   

  12  0:00  Probe  
  13  0:12  Probe  
  14  0:20  Pylon  
  14  0:24  Probe  
  15  0:38  Probe (Chrono Boost)  
  15  0:41  Gateway  
  16  0:47  Assimilator, Probe (Chrono Boost)  
  17  0:52  Probe (Chrono Boost)  
  18  1:04  Probe  
  19  1:16  Probe  
  20  1:24  Nexus  
  20  1:35  Cybernetics Core  
  20  1:39  Probe  
  21  1:46  Assimilator  
  21  1:51  Probe  
  22  1:55  Pylon  
  22  2:03  Probe  
  23  2:10  Adept (Chrono Boost)  
  25  2:15  Probe  
  25  2:18  Stargate  
  26  2:24  Warp Gate  
  26  2:29  Probe (Chrono Boost)  
  27  2:31  Adept (Chrono Boost)  
  29  2:37  Probe (Chrono Boost)  
  31  2:45  Probe (Chrono Boost)  
  31  2:46  Probe (Chrono Boost)  
  32  2:51  Probe  
  32  2:52  Probe  
  32  2:55  Adept  
  32  2:56  Void Ray (Chrono Boost)  
  36  3:04  Probe  
  41  3:08  Probe  
  42  3:13  Pylon  
  42  3:16  Probe  
  43  3:20  Probe  
  43  3:26  Gateway  
  44  3:28  Probe  
  44  3:32  Probe (Chrono Boost)  
  46  3:38  Oracle  
  50  3:45  Pylon, Probe (Chrono Boost)  
  50  3:46  Probe (Chrono Boost)  
  51  3:53  Probe (Chrono Boost)  
  51  3:54  Probe (Chrono Boost)  
  53  4:01  Nexus  
  53  4:03  Probe  
  53  4:05  Probe  
  53  4:08  Assimilator  
  55  4:10  Assimilator  
  55  4:15  Probe  
  56  4:17  Robotics Facility  
  56  4:18  Probe (Chrono Boost)  
  62  4:33  Probe (Chrono Boost)  
  62  4:34  Pylon  
  62  4:35  Probe (Chrono Boost)  
  62  4:36  Pylon  
  59  4:38  Shield Battery  
  59  4:41  Probe x2 (Chrono Boost)  
  61  4:46  Void Ray  
  61  4:51  Probe  
  66  4:54  Gateway, Probe  
  66  4:58  Gateway  
  67  5:04  Probe (Chrono Boost)  
  67  5:05  Robotics Bay  
  69  5:07  Observer  
  69  5:08  Probe (Chrono Boost)  
  69  5:10  Forge  
  71  5:14  Probe (Chrono Boost)  
  71  5:16  Probe (Chrono Boost)  
  73  5:23  Probe x3 (Chrono Boost)  
  73  5:28  Probe (Chrono Boost)  
  75  5:30  Twilight Council, Probe x2  
  78  5:38  Protoss Ground Weapons Level 1 (Chrono Boost)  
  78  5:39  Assimilator x2  
  78  5:40  Probe  
  78  5:42  Probe  
  80  5:46  Gateway, Probe  
  80  5:48  Gateway  
  81  5:52  Probe  
  81  5:55  Disruptor (Chrono Boost)  
  81  5:56  Probe  
  83  5:58  Pylon, Blink (Chrono Boost)  
  83  6:00  Probe  
  83  6:01  Sentry x3  
  83  6:03  Pylon  
  93  6:16  Gateway, Probe  
  93  6:18  Gateway  
  94  6:21  Photon Cannon  
  94  6:23  Sentry  
  94  6:24  Sentry, Stalker  
  94  6:25  Stalker  
  102  6:31  Warp Prism  
  104  6:40  Pylon x2  
  104  6:43  Stalker x2  
  108  6:47  Pylon  
  108  6:48  Photon Cannon  
  108  6:50  Shield Battery  
  108  7:01  Stalker x4  
  116  7:17  Photon Cannon  
  116  7:19  Shield Battery  
  116  7:23  Stalker x4  
  116  7:25  Stalker x2  
  116  7:26  Protoss Ground Weapons Level 2 (Chrono Boost)  
  125  7:32  Stalker x2  
  127  7:56  Stalker x3  
  133  8:00  Pylon  
  133  8:02  Pylon  
  131  8:10  Stalker x5  
  123  8:12  Disruptor  
  103  8:32  Stalker x3  
  94  8:37  Charge (Chrono Boost)  
  94  8:39  Stalker x5  
  104  8:50  Disruptor (Chrono Boost)  
  107  8:57  Nexus  
  107  9:00  Pylon  
  107  9:15  Stalker x4  
  107  9:16  Stalker x3  
  121  9:19  Disruptor (Chrono Boost)  
  124  9:27  Stalker  
  125  9:39  Stalker x5  
  131  9:46  Dark Shrine  
  131  9:47  Pylon  
  131  9:49  Shield Battery, Probe x3  
  132  10:01  Probe  
  132  10:04  Stalker x3  
  135  10:07  Shield Battery, Protoss Ground Weapons Level 3 (Chrono Boost)  
  135  10:09  Probe x3  
  135  10:10  Pylon  
  135  10:13  Probe  
  136  10:24  Sentry x4  
  136  10:27  Sentry x2  
  148  10:42  Stalker x2  
  138  10:50  Warp Prism  
  132  11:04  Dark Templar x2  
  132  11:06  Dark Templar  
  132  11:09  Stalker x2  
  132  11:10  Stalker x2  
  146  11:11  Stalker  
  146  11:15  Probe  
  146  11:16  Photon Cannon  
  141  11:37  Stalker x7  
  147  11:45  Stalker  
  123  12:01  Observer  
  119  12:04  Stalker x7  
  125  12:10  Stalker  
  115  12:33  Stalker x5  
  123  12:39  Stalker  
  123  12:40  Stalker  
  115  12:51  Stalker  
  117  12:59  Stalker x3  
  106  13:17  Stalker x4  
  110  13:22  Stalker  
  110  13:24  Zealot x3  
  114  13:59  Cybernetics Core  
  98  14:13  Zealot x6  
  98  14:14  Zealot x2  
  108  14:20  Phoenix (Chrono Boost)  

Tags
 
Add a new tag
Caveats
  • Supply blocks, unpowered buildings, or Contaminate may cause inaccurate times.
  • Supply counts are checked every 10 seconds.